Cogmind - Beta 16 --- EXPLORER MODE // 2026.01.27 @ 13:55:41 Player: K.K.Y. Result: Destroyed by RN-3HE(R) with Subdweller Machine Gun Performance ------------- Evolutions (0) 0 Regions Visited (3) 600 Robots Destroyed (40) 200 Value Destroyed (1098) 1098 Prototype IDs (12) 240 Alien Tech Used (0) 0 Bonus (-93) -93 TOTAL SCORE: 2045 Bonus ------- Friendly Fire -93 Cogmind --------- Core Integrity 0/250 Matter 300/300 Energy 22/100 System Corruption 0% Temperature Cool (0) Movement Walking (130) Location -10/Subcaves Parts ------- > --- POWER (1) -------- (None) > --- PROPULSION (2) --- Cargo Legs > --- UTILITY (3+2) ---- Cooling System Large Storage Unit > --- WEAPON (2) ------- Beam Cannon > --- INVENTORY (15) --- Improved Ion Engine Improved Ion Engine Improved Ion Engine Light Nuclear Core Improved Heat Sink Cooling System Cooling System Cooling System Cooling System Cooling System Huge Storage Unit Sensor Array Improved Terrain Scanner Riot Gun Multitool Peak State ------------ > --- POWER ------------ Makeshift Power Source > --- PROPULSION ------- Cargo Legs > --- UTILITY ---------- Cooling System Large Storage Unit Structural Scanner > --- WEAPON ----------- Beam Cannon Mining Laser > --- INVENTORY -------- Improved Ion Engine Improved Ion Engine Improved Ion Engine Light Nuclear Core Improved Heat Sink Cooling System Cooling System Cooling System Cooling System Cooling System Huge Storage Unit Sensor Array Improved Terrain Scanner Riot Gun Multitool [Rating: 29] Favorites ----------- Power Ion Engine Engine Ion Engine Power Core Light Nuclear Core Propulsion Light Treads Treads Light Treads Leg Cargo Legs Utility Large Storage Unit Device Cooling System Storage Large Storage Unit Weapon Beam Cannon Energy Gun Particle Gun Energy Cannon Beam Cannon Ballistic Gun Assault Rifle Special Weapon Mining Laser Build | -11 -10 -10 -10 ------- Run | Yrd Mat Min Sub Slots Evolved 1 | . 1 . . Power . | . . . . Propulsion . | . . . . Utility 1 | . 1 . . Weapon . | . . . . Parts Attached 23 | 6 10 3 4 Power 5 | 1 1 2 1 Engine 3 | 1 1 . 1 Core 2 | . . 2 . Reactor . | . . . . Propulsion 7 | 2 1 1 3 Treads 6 | 2 1 1 2 Leg 1 | . . . 1 Wheel . | . . . . Hover . | . . . . Flight . | . . . . Utility 5 | 1 4 . . Device 3 | . 3 . . Storage 2 | 1 1 . . Processor . | . . . . Hackware . | . . . . Protection . | . . . . Artifact . | . . . . Weapon 6 | 2 4 . . Energy Gun 1 | . 1 . . Energy Cannon 2 | . 2 . . Ballistic Gun 2 | 2 . . . Ballistic Cannon . | . . . . Launcher . | . . . . Special Weapon 1 | . 1 . . Impact Weapon . | . . . . Slashing Weapon . | . . . . Piercing Weapon . | . . . . Special Melee Weapon . | . . . . Unidentified Prototypes . | . . . . Parts Lost 4 | . . . 4 Power 1 | . . . 1 Propulsion . | . . . . Utility 1 | . . . 1 Weapon 2 | . . . 2 Highest Loss Streak 3 | . . . 3 To Critical Strikes . | . . . . Average Backups 11 | 1 6 14 14 Power 2 | . . 3 4 Propulsion . | . . . . Utility 7 | . 5 9 9 Weapon . | . 1 1 . Tool/Special . | . . . . Unused Backups 18 | . 1 1 16 Power 4 | . . . 4 Propulsion . | . . . . Utility 12 | . 1 1 10 Weapon 1 | . . . 1 Tool/Special 1 | . . . 1 Average Slot Usage (%) 95 | . 90 100 96 Engine 8 | . 11 4 8 Core 3 | . . 7 3 Treads 24 | . 25 25 22 Device 21 | . 16 25 24 Storage 11 | . 12 12 11 Energy Gun 2 | . 6 . . Energy Cannon 16 | . 10 25 16 Ballistic Gun 2 | . 7 . . Special Weapon 2 | . . . 7 Peak Build Rating 29 | 6 12 14 29 Average Rating 12 | 4 9 13 15 On Entrance 8 | . 6 12 14 Avg Prop Armor Cover (%) . | . . . . Naked Turns . | . . . . Heaviest Build 36 | 19 36 36 34 Greatest Support 55 | 40 40 40 55 Greatest Overweight (x) . | . . . . Average Overweight (x) . | . . . . Largest Inventory Capacity 15 | 10 15 15 15 Average Capacity 14 | 9 13 15 15 Most Carried 15 | 5 15 15 15 Average Carried 11 | 1 6 14 14 Final Capacity 15 | 10 15 15 15 Final Carried 15 | 2 13 15 15 Class Distribution -------------------- 100% | Hacker-Mutant Dominant Class ---------------- Hacker-Mutant | -10/Materials Hacker-Mutant | -10/Mines Hacker-Mutant | -10/Subcaves Resources | -11 -10 -10 -10 ----------- Run | Yrd Mat Min Sub Matter Collected 684 | 275 269 30 110 Remotely . | . . . . Salvage Created 1641 | 100 556 625 360 Parts 87 | 9 29 30 19 Haulers Intercepted 1 | . 1 . . Recyclers Shooed 2 | 1 . 1 . Parts Field Recycled . | . . . . Retrieved Matter . | . . . . Parts Self-Destructed . | . . . . Prevented . | . . . . Parts Restored . | . . . . Kills | -11 -10 -10 -10 ------- Run | Yrd Mat Min Sub Combat Hostiles Destroyed 27 | . 13 8 6 Guns 6 | . 6 . . Cannons 21 | . 7 8 6 Classes Destroyed 11 | 2 5 . 4 Builder 1 | . 1 . . Tunneler 3 | 2 . 1 . Hauler 1 | . 1 . . Recycler 4 | 1 . 3 . Watcher 2 | . 2 . . Swarmer 2 | . 2 . . Grunt 22 | . 11 8 3 Sentry 1 | . . . 1 Artisan 1 | . . . 1 Subdweller 2 | . . . 2 Zionite 2 | . . . 2 Best Kill Streak 4 | 2 3 4 2 Combat Bots Only 3 | . 3 2 2 Max Kills in Single Turn 2 | 1 2 1 1 Gunslinging . | . . . . Exploded . | . . . . Melee . | . . . . Uniques/NPCs Destroyed . | . . . . Combat | -11 -10 -10 -10 -------- Run | Yrd Mat Min Sub Hostile Shots Fired 162 | . 59 36 67 Missed 41 | . 16 11 14 Hits 121 | . 43 25 53 Projectile 121 | . 43 25 53 AOE 3 | . . . 3 Critical Strikes 6 | . 1 . 5 Damage Taken 1217 | . 339 191 687 Core 251 | . 60 49 142 Absorbed by Shields . | . . . . Ignored by Resistances 753 | . 217 123 413 Core Remaining (%) 100 | 100 . . . Volleys Fired 111 | 5 42 26 38 Largest 2 | 2 2 2 2 Hottest 165 | 40 165 120 160 Shots Fired 221 | 10 84 52 75 Gun 73 | 10 63 . . Cannon 128 | . 19 52 57 Launcher . | . . . . Special 20 | . 2 . 18 Kinetic 58 | 10 48 . . Thermal 163 | . 36 52 75 Explosive . | . . . . Electromagnetic . | . . . . Robot Hit Streak 35 | 7 34 35 24 Robot Miss Streak 3 | . 3 1 1 Penetration Max . | . . . . Secondary Targets . | . . . . Shots Hit Robots 159 | 7 68 40 44 Core Hits 59 | 4 25 16 14 Critical Kills . | . . . . Critical Parts Destroyed . | . . . . Critical Strikes 1 | . 1 . . Burn 1 | . 1 . . Melee Attacks . | . . . . Impact . | . . . . Slashing . | . . . . Piercing . | . . . . Sneak Attacks . | . . . . Combat Hostiles . | . . . . Follow-up Attacks . | . . . . Damage Inflicted 2639 | 86 984 732 837 Guns 785 | 86 699 . . Cannons 1710 | . 261 732 717 Explosions . | . . . . Melee . | . . . . Ramming . | . . . . Kinetic 614 | 86 528 . . Thermal 2025 | . 456 732 837 Explosive . | . . . . Electromagnetic . | . . . . Impact . | . . . . Slashing . | . . . . Piercing . | . . . . Highest Corruption . | . . . . Average Corruption . | . . . . Corruption Purged . | . . . . Corruption Blocked . | . . . . Overload Shots . | . . . . Overflow Damage . | . . . . Projectiles . | . . . . Explosions . | . . . . Melee . | . . . . Knockbacks . | . . . . Impact . | . . . . Kinetic . | . . . . Secondary . | . . . . Self-Inflicted Damage . | . . . . Shots . | . . . . Rammed . | . . . . Targets Rammed . | . . . . Kicked . | . . . . Crushed . | . . . . Highest Temperature 44 | 6 29 44 10 Average Temperature 16 | 6 7 23 10 Received Heat Transfer 627 | . 327 168 132 Siege Activations . | . . . . Martial Activations . | . . . . Shielding Activations . | . . . . Robots Disrupted . | . . . . Combat Hostiles . | . . . . Robots Corrupted . | . . . . Combat Hostiles . | . . . . Parts Fried . | . . . . Impact Corruptions . | . . . . Robots Melted . | . . . . Combat Hostiles . | . . . . Parts Melted 8 | . 4 3 1 Heat Transferred 4407 | . 1086 1554 1767 Parts Sabotaged . | . . . . Parts Stolen . | . . . . Parts Stripped . | . . . . Power Chain Reactions . | . . . . Alert | -11 -10 -10 -10 ------- Run | Yrd Mat Min Sub Maximum Alert Level . | . . . . Low Security (%) 100 | 100 100 100 . Level 1 . | . . . . Level 2 . | . . . . Level 3 . | . . . . Level 4 . | . . . . Level 5 . | . . . . High Security . | . . . . Max Security . | . . . . Peak Influence 71 | 5 71 54 . Initial . | . . . . Average 9 | 1 12 6 . Influence Increases 699 | 15 366 228 90 Destroy 0b10 Robot/C 500 | . 260 160 80 Destroy 0b10 Robot/NC 55 | 15 20 20 . Destroy Leader 106 | . 56 40 10 Successful Hack 26 | . 26 . . Disable Machine 12 | . 4 8 . Influence Decreases 699 | 15 366 228 90 Time Decay 689 | 15 366 228 80 Lost Part 10 | . . . 10 Squads Dispatched 2 | . 2 . . Investigation 2 | . 2 . . Extermination . | . . . . Reinforcement . | . . . . Assault . | . . . . Garrison . | . . . . Intercept . | . . . . Searches Triggered . | . . . . Construction Impeded . | . . . . Haulers Reinforced . | . . . . Active Scanning Responses . | . . . . Cargo Convoy Interrupts . | . . . . Stealth | -11 -10 -10 -10 --------- Run | Yrd Mat Min Sub Distress Signals . | . . . . Communications Jammed . | . . . . Distress Signals . | . . . . Times Spotted 34 | . 17 8 9 Peak Tracking Total 3 | . 3 2 2 Tactical Retreats . | . . . . Traps | -11 -10 -10 -10 ------- Run | Yrd Mat Min Sub Traps Triggered . | . . . . Indirectly . | . . . . Trap Hack Attempts . | . . . . Triggered . | . . . . Disarmed . | . . . . Reprogrammed . | . . . . Reused . | . . . . Traps Extracted . | . . . . Installed . | . . . . Triggered . | . . . . Machines | -11 -10 -10 -10 ---------- Run | Yrd Mat Min Sub Machines Disabled 4 | . 1 2 1 Max in Single Turn 1 | . 1 1 1 Machines Repaired . | . . . . Machines Dismantled . | . . . . Machines Sabotaged . | . . . . Overloaded Fab Kills . | . . . . Hacking | -11 -10 -10 -10 --------- Run | Yrd Mat Min Sub Machines Accessed 10 | . 9 . 1 Terminals 8 | . 8 . . Fabricators . | . . . . Repair Stations . | . . . . Recycling Units 1 | . 1 . . Scanalyzers . | . . . . Garrison Access . | . . . . Total Hacks 20 | . 19 . 1 Successful 11 | . 10 . 1 Failed 9 | . 9 . . Catastrophic . | . . . . Database Lockouts . | . . . . Manual 16 | . 16 . . Terminals 17 | . 17 . . Fabricators . | . . . . Repair Stations . | . . . . Recycling Units 2 | . 2 . . Scanalyzers . | . . . . Garrison Access . | . . . . Terminal Hacks 2 | . 1 . 1 Robot Analysis 1 | . 1 . . Proto ID Catalog 1 | . . . 1 Fabricator Hacks . | . . . . Repair Station Hacks . | . . . . Recycling Unit Hacks 1 | . 1 . . Retrieve Components 1 | . 1 . . Scanalyzer . | . . . . Garrison Access Hacks . | . . . . Unauthorized Hacks 8 | . 8 . . Terminals 8 | . 8 . . Botnet 8 | . 8 . . Fabricators . | . . . . Repair Stations . | . . . . Recycling Units . | . . . . Scanalyzers . | . . . . Garrison Access . | . . . . Data Cores Recovered . | . . . . Used . | . . . . Hacking Detections 6 | . 6 . . Full Trace Events 2 | . 2 . . Feedback Events . | . . . . Feedback Blocked . | . . . . Robot Schematics Acquired . | . . . . Robots Built . | . . . . Authchips . | . . . . Time . | . . . . Total Robot Build Rating . | . . . . Part Schematics Acquired . | . . . . Parts Built . | . . . . Authchips . | . . . . Time . | . . . . Total Part Build Rating . | . . . . Part Studies Acquired . | . . . . Parts Repaired . | . . . . Time . | . . . . Parts Recycled . | . . . . Recycled Matter . | . . . . Retrieved Matter . | . . . . Retrieved Components 9 | . 9 . . Parts Scanalyzed . | . . . . Part Schematics Acquired . | . . . . Parts Damaged . | . . . . Bothacking | -11 -10 -10 -10 ------------ Run | Yrd Mat Min Sub Used RIF Installer . | . . . . Robots Hacked . | . . . . Non-combat . | . . . . Combat . | . . . . Robot Hacks Applied . | . . . . Relay Couplers Released . | . . . . Fabnet Peak Effective % . | . . . . Robots Rewired . | . . . . Allies Hacked . | . . . . Hacks Repelled . | . . . . Allies | -11 -10 -10 -10 -------- Run | Yrd Mat Min Sub Total Allies . | . . . . Largest Group . | . . . . Highest-Rated Group . | . . . . Highest-Rated Ally . | . . . . Total Orders . | . . . . Ally Attacks . | . . . . Total Damage . | . . . . Kills . | . . . . Allies Corrupted . | . . . . Allies Melted . | . . . . Intel | -11 -10 -10 -10 ------- Run | Yrd Mat Min Sub Active Infowar (turns) 2919 | . 679 1034 1206 Structural 2919 | . 679 1034 1206 Robot Analysis Total 1 | . 1 . . Derelict Logs Recovered 1 | . . . 1 Drone Launches . | . . . . Drone Recoveries . | . . . . Exploration | -11 -10 -10 -10 ------------- Run | Yrd Mat Min Sub Turns Passed 3407 | 83 1080 1034 1210 Spaces Moved 1840 | 45 563 592 640 Core 15 | 15 . . . Treads 1782 | 30 563 592 597 Legs 43 | . . . 43 Wheels . | . . . . Hover . | . . . . Flight . | . . . . Fastest Speed 50 | 50 160 160 130 Average Speed 158 | 123 160 160 157 Slowest Speed 160 | 160 160 160 160 Overloaded Moves . | . . . . Propulsion Burnouts . | . . . . Robots Hopped . | . . . . Potential Cave-ins . | . . . . Cave-ins Triggered . | . . . . Exploration Rate (%) 53 | 4 71 99 39 Regions Visited 3 Branch Regions 2 Pre-discovered Areas 1 | . . . 1 Known Exits Taken 3 | 1 1 1 . Unknown Exits Taken . | . . . . Scrap Searched 2 | . . . 2 Spaces Dug 7 | . . . 7 Terrain Destroyed 7 | . . . 7 Melee . | . . . . Projectile 7 | . . . 7 AOE . | . . . . Terrain Rammed . | . . . . Walls Destroyed . | . . . . Machines Disabled . | . . . . Actions | -11 -10 -10 -10 --------- Run | Yrd Mat Min Sub Total 2074 | 62 655 630 727 Wait 44 | . 11 3 30 Move 1837 | 44 562 591 640 Hop . | . . . . Pick Up 32 | 7 20 3 2 Fast Attach 2 | 1 . . 1 Attach 9 | 5 3 . 1 Detach 1 | . 1 . . Swap 20 | . 8 3 9 Drop 18 | . 8 4 6 Fire 111 | 5 42 26 38 Melee . | . . . . Ram . | . . . . Kick . | . . . . Crush . | . . . . Escape Stasis . | . . . . Rewire . | . . . . Trap . | . . . . Miscellaneous . | . . . . Route ------- -11/Scrapyard -10/Materials (discovered 4 exits: *Mat x2 / *Min / *Sub) -10/Mines (discovered 4 exits: *Mat x2 / *Exi / *Sub) -10/Subcaves (discovered 1 exit: *Mat) History --------- Turn | Location | Event 5 | -11/Scrapyard | Identified exit to Materials 5 | -11/Scrapyard | Discovered exit to Materials (range 15) 84 | -11/Scrapyard | Entered Materials 84 | -10/Materials | Evolved 1 slot: Utility x1 313 | -10/Materials | Build established: Hacker-Mutant 355 | -10/Materials | Identified exit to Materials 355 | -10/Materials | Discovered exit to Materials (range 13) 722 | -10/Materials | Discovered exit to Materials (range 16) 831 | -10/Materials | Identified exit to Subcaves 831 | -10/Materials | Discovered exit to Subcaves (range 9) 906 | -10/Materials | Identified exit to Mines 906 | -10/Materials | Discovered exit to Mines (range 4) 1164 | -10/Materials | Entered Mines 1408 | -10/Mines | Discovered exit to Materials (range 3) 1441 | -10/Mines | Discovered exit to Materials (range 15) 2146 | -10/Mines | Deemed a non-threat by the Exiles lab entrance 2146 | -10/Mines | Identified exit to Exiles 2146 | -10/Mines | Discovered exit to Exiles (range 5) 2190 | -10/Mines | Discovered exit to Subcaves (range 5) 2198 | -10/Mines | Entered Subcaves 2286 | -10/Subcaves | Shifting Twisted Machinery released Flamer 2492 | -10/Subcaves | Learned location of Zion (-6) 2492 | -10/Subcaves | Met a Zionite searching for "candidates" 2630 | -10/Subcaves | Core integrity fell below 50% 2728 | -10/Subcaves | A swath of the cavern ceiling suddenly collapsed 3156 | -10/Subcaves | Shifting Twisted Machinery released Sub. Machine Gun 3178 | -10/Subcaves | Shifting Twisted Machinery released Riot Gun 3226 | -10/Subcaves | Identified exit to Materials 3226 | -10/Subcaves | Discovered exit to Materials (range 7) 3280 | -10/Subcaves | Visited 4L-MR0's lab 3303 | -10/Subcaves | Found Cargo Legs 3304 | -10/Subcaves | Attached Cargo Legs, gained temporary slots: Utility x2 3385 | -10/Subcaves | Core integrity fell below 20% 3408 | -10/Subcaves | Destroyed by RN-3HE(R) with Subdweller Machine Gun Last Messages --------------- Cargo Legs Tripod Weapons Platform Hoverbase Flightbrick Gun Armor Tower Shield Power Bank Rainbow Chip VL-GR5's Exoskeleton "Deathgrip" Powered Cannon 03293_ Testing Chamber breached. 03302_ Dropped Lgt. Treads. 03302_ Dropped Spk. Treads. 03303_ Acquired Cargo Legs. 03304_ Core temporarily expanded with Utility slot. 03320_ Acquired 10 matter. 03382_ Mak. Power Source destroyed. 03394_ Mining Laser destroyed. 03404_ Structural Scanner destroyed. Map ----- +----------------------------------------------------+ | | | | | | | | | | | ?????????????????????????????????????????????????? | | ?????????????????????????????????????????????????? | | ?????????????????????????????????????????????????? | | ?????????????????????????????????????????????????? | | ???????###############???????????????????????????? | | ???????###############???????????????????????????? | | ???????##="#"""""" "##???????????????????????????? | | ???????## = "X" "####?????????????????????????? | | ??????##### ######?????????????????????????? | | ??????##### + ##?????????????????????????? | | ??????##!########### "##?????????????????????????? | | ??????##%########### "##?????????????????????????? | | ??????##"=" ##### |% ##?????????????????????????? | | ??????###" # "########???????????????????? | | ??????###" ## ##########??????????????????? | | ############" ## "^## ###??????????????????? | | ############ "###### ##??????????????????? | | # ## ### < ### ##??????????????????? | | # ##??????????????????? | | < ####??????????????????? | | ### ## @#####??????????????????? | | #### ### RR####????????????????????? | | ?##### ## ### ###?????????????????????? | | ??# ### ###### #####??????????????????? | | ?? ? #### ##### ##??????????????????? | | ????#### #### ????????????????? | | ###?????### ### ?????????????? | | ###?????## ### # "???????????? | | ?????????## ### #### "???????????? | | ?????????## ##### ???????????? | | ?????###### ######???? ???????????? | | ?????####### ####???????? ????????????? | | ??##### ### ###?????????? ????????????? | | ?###### ### ###????????????????????????? | | #### #### ###???????????????????????? | | ### ##### ###??????????????????????? | | ## ###### ##??????????????????????? | | ## #####? #??????????????????????? | | ## ##?????????????????????????????? | | ### ###?????????????????????????????? | | ####### ###?????????????????????????????? | | ?####### "" ##??????????????????????????????? | | ?????#### " ###??????????????????????????????? | | ??????#### " ###??????????????????????????????? | | ?######### #####???????????????????????????????? | +----------------------------------------------------+ Best States ------------- Heat Dissipation 47 Energy Generation 15 Energy Capacity 265 Matter Stores 300 Matter Capacity 300 Sight Range 16 Terrain Scan Density 10 Resistance: KI 35 Resistance: TH 35 Resistance: EX 35 Resistance: EM 35 Resistance: I 35 Resistance: S 35 Resistance: P 35 Evasion (%) 50 Recoil Reduction 2 Offensive Hacking 20 Item Schematics ----------------- None Robot Schematics ------------------ None Fabricated ------------ Nothing Repaired ---------- Nothing Studied --------- None Alien Tech Used ----------------- None Achievements -------------- None Challenges ------------ None Game ------ Seed ControlReactionSpear Manual? 0 Play Time 00:17:18 Cumulative 313.7 hours Start 2026.01.27 @ 13:42:43 End 2026.01.27 @ 13:55:41 Sessions 1 Manual Loads 0 Difficulty Explorer Special Mode None Game No. 492 Rogue 0 Adventurer 0 Explorer 492 Win Type - Total 0 Types 0/0/0/0/0/0/0/0/0/0 Lore% 77 Gallery% 70 Achievement% 56 Wizard Run 0 Options --------- Layout 1 ASCII 0 Keyboard 0 Movement Mouse Keybinds 1 Fullscreen 1 Font 24/Smallcaps Map View 50x35 Zoom Use 0% Tactical HUD 1 Map Filters NONE Filters NONE Steam 1 RUN: 40b73ff0-a27d-4d66-b463-647446dd92d1